 Dungeon Sprint DCSS version 0.27-a0-1188-g73eefd5def (webtiles) character file.

Game seed: 16977363131814948381

27267 rocky1 the Warrior (level 13, -2/130 HPs)
             Began as a Minotaur Fighter on May 20, 2021.
             Was the Champion of Okawaru.
             Slain by a spark wasp (16 damage)
             ... in the Dungeon (Sprint IX: "|||||||||||||||||||||||||||||").
             The game lasted 00:16:36 (4462 turns).

rocky1 the Warrior (Minotaur Fighter)               Turns: 4462, Time: 00:16:36

Health: -2/130     AC: 15    Str: 25    XL:     13   Next: 3%
Magic:  11/18      EV: 17    Int: 11    God:    Okawaru [******]
Gold:   60         SH: 22    Dex: 13    Spells: 12/12 levels left

rFire    + + +     SeeInvis .   G - +4 scimitar of Cerpheg {vorpal, rF+ Dex+2}
rCold    . . .     Faith    .   c - +0 kite shield
rNeg     . . .     Spirit   .   I - +3 chain mail {rF+}
rPois    +         Reflect  +   p - +1 hat
rElec    .         Harm     .   x - scarf {+Inv}
rCorr    .         Rampage  .   n - +0 pair of gloves
Will     .....     NoTele   +   a - +0 pair of boots
Stlth    ..........             D - amulet of reflection
HPRegen  0.31/turn              B - ring of poison resistance
MPRegen  0.16/turn              E - ring "Astrer" {rF+ Int+6}

@: heroic, finesse-ful, corroded
A: horns 2, retaliatory headbutt
a: Renounce Religion, Evoke Invisibility, Heroism, Finesse


You were in the Dungeon.
You worshipped Okawaru.
Okawaru was exalted by your worship.
You visited 1 branch You collected 1940 gold pieces.
You spent 1880 gold pieces at shops.

Inventory:

Hand Weapons
 f - a +3 demon blade of venom
 m - a +2 short sword of holy wrath
 o - a +4 scimitar of flaming
 G - the +4 scimitar of Cerpheg (weapon) {vorpal, rF+ Dex+2}
   (You found it in the Dungeon)

   It inflicts extra damage upon your enemies.
   It affects your dexterity (+2).
   It protects you from fire.
 H - a +2 morningstar of protection
Missiles
 w - 8 boomerangs (quivered)
Armour
 a - a +0 pair of boots (worn)
 c - a +0 kite shield (worn)
 n - a +0 pair of gloves (worn)
 p - a +1 hat (worn)
 x - a scarf of invisibility (worn)
 I - a +3 chain mail of fire resistance (worn)
 J - a +3 chain mail of cold resistance
Jewellery
 q - a ring of willpower
 B - a ring of poison resistance (left hand)
 D - an amulet of reflection (around neck)
 E - the ring "Astrer" (right hand) {rF+ Int+6}
   (You bought it in a shop in the Dungeon)

   [ring of protection from fire]

   It affects your intelligence (+6).
   It protects you from fire.
 F - a ring of see invisible
Wands
 l - a wand of iceblast (2)
 y - a wand of flame (12)
Scrolls
 j - 5 scrolls of blinking
 k - 2 scrolls of amnesia
 r - 4 scrolls of fog
 s - 3 scrolls of enchant weapon
 t - 2 scrolls of fear
 u - 2 scrolls of enchant armour
 z - 3 scrolls of identify
Potions
 b - a potion of brilliance
 d - a potion of berserk rage
 e - a potion of invisibility
 g - 2 potions of haste
 h - 4 potions of magic
 i - a potion of curing
 v - 2 potions of mutation
 A - a potion of resistance
 C - 2 potions of degeneration
 K - 3 potions of might


   Skills:
 + Level 16.9(21.9) Fighting
 - Level 14.1(19.1) Long Blades
 + Level 16.9(21.9) Armour
 + Level 15.4(20.4) Dodging
 + Level 16.9(21.9) Shields
 - Level 8.9 Invocations
 + Level 11.8 Evocations


You had 12 spell levels left.
You didn't know any spells.
Your spell library contained the following spells:

 Spells                   Type           Power      Damage    Failure   Level
 Animate Skeleton         Necr           0%         N/A       71%         1
 Pain                     Necr           0%         1d4       71%         1
 Vampiric Draining        Necr           0%         2d6       97%         3
 Animate Dead             Necr           0%         N/A       100%        4
 Agony                    Necr           0%         N/A       100%        5


Dungeon Overview and Level Annotations

Branches:
Dungeon (1/1)

Altars:
Cheibriados
Dithmenos
Elyvilon
Fedhas
Gozag
Hepliaklqana
Kikubaaqudgha
Makhleb
Nemelex Xobeh
Okawaru
Qazlal
Ru
Sif Muna
Trog
Uskayaw
Vehumet
Wu Jian
Xom
Yredelemnul
Zin
The Shining One
Beogh
Jiyva
Lugonu

Shops:
D *:=*


Innate Abilities, Weirdness & Mutations

You have a pair of horns on your head.
You reflexively headbutt those who attack you in melee.


Message History

You slice the emperor scorpion!! You headbutt the emperor scorpion.
The emperor scorpion is almost dead.
You block the emperor scorpion's attack.
The emperor scorpion claws you but does no damage.
The emperor scorpion closely misses you.
Your chain mail prevents you from hitting the emperor scorpion.
The emperor scorpion is almost dead.
You hit the emperor scorpion but do no damage.
The emperor scorpion is almost dead.
You hit the emperor scorpion. You headbutt the emperor scorpion.
The emperor scorpion is almost dead.
The emperor scorpion misses you.
You riposte.
You slash the emperor scorpion!
You kill the emperor scorpion!
Okawaru is honoured by your kill. Something appears at your feet!
You see here a +2 morningstar of protection.
Okawaru grants you a weapon!
You have reached level 13!
H - a +2 morningstar of protection You slice the demonic crawler!!
You headbutt the demonic crawler, but do no damage.
The demonic crawler is heavily wounded.
You hit the demonic crawler. You headbutt the demonic crawler.
The demonic crawler is severely wounded.
The demonic crawler hits you!
* * * LOW HITPOINT WARNING * * *
The demonic crawler hits you but does no damage.
The demonic crawler hits you.
* * * LOW HITPOINT WARNING * * *
You slash the demonic crawler!
The demonic crawler is severely wounded.
The jumping spider leaps!
You slash the demonic crawler!
You kill the demonic crawler!
Okawaru accepts your kill. You block the spark wasp's attack.
The jumping spider leaps!
The spark wasp stings you!
* * * LOW HITPOINT WARNING * * *
The spark wasp shocks you!
You die...

▓.▓.▓.▓.▓.▓.▓.▓.▓.
▓.▓.▓'▓.▓.▓.▓.▓.▓.
▓.▓.▓=▓.▓.▓.▓.▓.▓'
▓.▓.▓.▓.▓.▓.▓.▓.▓)
▓.▓.▓.▓.▓.▓.▓.▓.▓.
▓.▓.▓=▓.▓)▓.▓.▓.▓.
▓s▓.▓.▓.▓)▓.▓.▓.▓.
▓†▓.▓)▓.▓)▓.▓(▓.▓.
▓@▓.▓.▓.▓)▓.▓.▓.▓'
▓y▓.▓)▓.▓)▓.▓.▓.▓_
▓B▓)▓)▓.▓)▓.▓.▓.▓_
▓°▓.▓)▓.▓)▓.▓.▓.▓_
▓B▓.▓)▓.▓)▓.▓.▓.▓_
▓s▓.▓)▓.▓.▓.▓÷▓.▓_
▓○▓.▓)▓.▓.▓.▓÷▓.▓_
▓.▓.▓.▓.▓.▓.▓.▓.▓_
▓.▓[▓.▓.▓.▓.▓.▓_


You could see 2 entropy weavers, a spark wasp, a wolf spider and a jumping
spider.

Vanquished Creatures
  Gastronok (D)
  A frost giant (D)
  Aizul (D)
  An emperor scorpion (D)
  A stone giant (D)
  A fire dragon (D)
  Josephine (D)
  A great orb of eyes (D)
  An ice dragon (D)
  5 hydras (D)
  A centaur warrior (D)
  3 two-headed ogres (D)
  A tengu warrior (D)
  2 orc high priests (D)
  2 lindwurms (D)
  2 orc knights (D)
  A wizard (D)
  An ugly thing (D)
  2 wolf spiders (D)
  2 manticores (D)
  An unseen horror (D)
  Psyche (D)
  2 cane toads (D)
  A gargoyle (D)
  A demonic crawler (D)
  2 efreet (D)
  A komodo dragon (D)
  A troll (D)
  3 tyrant leeches (D)
  2 blink frogs (D)
  4 wraiths (D)
  A wyvern (D)
  A yak (D)
  A basilisk (D)
  A vampire mosquito (D)
  4 water moccasins (D)
  10 orc warriors (D)
  A wolf (D)
  3 bullfrogs (D)
  A scorpion (D)
  6 orc priests (D)
  3 orc wizards (D)
  An iguana (D)
  An adder (D)
  3 worms (D)
  A dart slug (D)
  18 orcs (D)
  3 endoplasms (D)
  A ball python zombie (D)
  A bat (D)
  A quokka zombie (D)
  A rat (D)
113 creatures vanquished.

Vanquished Creatures (others)
  Nessos (D)
1 creature vanquished.

Grand Total: 114 creatures vanquished

Notes
Turn   | Place    | Note
-------+----------+-------------------------------------------
     0 | D        | rocky1 the Minotaur Fighter began the quest for the Orb.
     0 | D        | Reached XP level 1. HP: 19/19 MP: 0/0
    10 | D        | Reached skill level 1 in Dodging
   165 | D        | Noticed an iguana
   165 | D        | Noticed a scorpion
   172 | D        | Killed an iguana
   173 | D        | Reached XP level 2. HP: 9/28 MP: 1/1
   173 | D        | Reached XP level 3. HP: 12/35 MP: 2/2
   181 | D        | Killed a scorpion
   182 | D        | Reached skill level 5 in Fighting
   182 | D        | Reached skill level 5 in Long Blades
   182 | D        | Reached skill level 5 in Armour
   182 | D        | Reached skill level 5 in Shields
   182 | D        | Reached XP level 4. HP: 21/44 MP: 3/3
   682 | D        | Found a snail-covered altar of Cheibriados.
   682 | D        | Found a shadowy altar of Dithmenos.
   682 | D        | Found a white marble altar of Elyvilon.
   682 | D        | Found a blossoming altar of Fedhas.
   682 | D        | Found an opulent altar of Gozag.
   683 | D        | Found a hazy altar of Hepliaklqana.
   684 | D        | Found a viscous altar of Jiyva.
   685 | D        | Found an ancient bone altar of Kikubaaqudgha.
   686 | D        | Found a corrupted altar of Lugonu.
   687 | D        | Found a burning altar of Makhleb.
   688 | D        | Found a sparkling altar of Nemelex Xobeh.
   689 | D        | Found an iron altar of Okawaru.
   690 | D        | Found a stormy altar of Qazlal.
   691 | D        | Found a sacrificial altar of Ru.
   692 | D        | Found a shimmering blue altar of Sif Muna.
   693 | D        | Found a bloodstained altar of Trog.
   694 | D        | Found a hide-covered altar of Uskayaw.
   695 | D        | Found a radiant altar of Vehumet.
   696 | D        | Found an ornate altar of the Wu Jian Council.
   697 | D        | Became a worshipper of Warmaster Okawaru
   698 | D        | Found a shimmering altar of Xom.
   699 | D        | Found a basalt altar of Yredelemnul.
   700 | D        | Found a glowing silver altar of Zin.
   701 | D        | Found a glowing golden altar of the Shining One.
   754 | D        | Noticed a two-headed ogre
   762 | D        | Killed a two-headed ogre
   762 | D        | Reached * piety under Okawaru
   763 | D        | Reached XP level 5. HP: 23/57 MP: 4/4
   763 | D        | Reached XP level 6. HP: 25/64 MP: 5/5
   763 | D        | Reached XP level 7. HP: 28/70 MP: 6/6
   769 | D        | Killed an unseen horror
   769 | D        | Reached ** piety under Okawaru
   770 | D        | Reached skill level 1 in Evocations
   770 | D        | Reached XP level 8. HP: 22/79 MP: 6/8
   771 | D        | Reached skill level 10 in Armour
   776 | D        | Reached skill level 10 in Shields
  1231 | D        | Noticed a white ugly thing
  1231 | D        | Noticed a gargoyle
  1231 | D        | Noticed a two-headed ogre
  1231 | D        | Noticed a two-headed ogre
  1231 | D        | Noticed a troll
  1240 | D        | Killed a white ugly thing
  1240 | D        | Reached *** piety under Okawaru
  1241 | D        | Reached skill level 10 in Fighting
  1241 | D        | Reached skill level 10 in Long Blades
  1254 | D        | Killed a gargoyle
  1256 | D        | Killed a two-headed ogre
  1256 | D        | Reached **** piety under Okawaru
  1257 | D        | Reached skill level 5 in Invocations
  1257 | D        | Reached XP level 9. HP: 16/89 MP: 6/11
  1259 | D        | Killed a two-headed ogre
  1260 | D        | Reached skill level 10 in Dodging
  1260 | D        | Reached skill level 5 in Evocations
  1261 | D        | Killed a troll
  1560 | D        | Noticed a seven-headed hydra
  1560 | D        | Noticed an eight-headed hydra
  1560 | D        | Noticed a cane toad
  1560 | D        | Noticed a komodo dragon
  1563 | D        | Noticed a cane toad
  1567 | D        | Killed a three-headed hydra
  1568 | D        | Reached XP level 10. HP: 87/97 MP: 10/13
  1570 | D        | Killed a five-headed hydra
  1570 | D        | Reached ***** piety under Okawaru
  1578 | D        | Killed a cane toad
  1590 | D        | Killed a cane toad
  1596 | D        | Received a gift from Okawaru
  1803 | D        | Noticed an eight-headed hydra
  1814 | D        | Killed a five-headed hydra
  1819 | D        | Received a gift from Okawaru
  1896 | D        | Noticed a lindwurm
  1904 | D        | Reached XP level 11. HP: 82/107 MP: 13/16
  1910 | D        | Killed a lindwurm
  1940 | D        | Noticed a lindwurm
  1957 | D        | Killed a lindwurm
  2366 | D        | Noticed Psyche
  2376 | D        | Killed Psyche
  2576 | D        | Noticed an orc high priest
  2587 | D        | Killed an orc high priest
  2861 | D        | Found Usozik's General Store.
  2861 | D        | Noticed an orc knight
  2861 | D        | Noticed an orc high priest
  2862 | D        | Noticed an orc knight
  2874 | D        | Killed an orc knight
  2875 | D        | Noticed a sixfirhy
  2882 | D        | Found Voentoim's Book Shoppe.
  2892 | D        | Killed an orc high priest
  2892 | D        | Received a gift from Okawaru
  2899 | D        | Killed an orc knight
  2904 | D        | Found Huptasim's Jewellery Emporium.
  2910 | D        | Found Icakh's Assorted Antiques.
  2965 | D        | Bought a scroll of identify for 26 gold pieces
  2965 | D        | Bought a potion of resistance for 130 gold pieces
  2965 | D        | Bought a ring of poison resistance for 260 gold pieces
  2972 | D        | Bought a potion of haste for 230 gold pieces
  2972 | D        | Bought a scroll of enchant weapon for 172 gold pieces
  2972 | D        | Bought 2 smoky puce potions for 41 gold pieces
  2972 | D        | Bought a scroll of identify for 46 gold pieces
  2972 | D        | Bought a scroll of fear for 80 gold pieces
  2974 | D        | Bought an amulet of reflection for 360 gold pieces
  3443 | D        | Bought the ring "Astrer" {rF+ Int+6} for 535 gold pieces
  3485 | D        | Noticed Josephine
  3498 | D        | Killed Josephine
  3539 | D        | Noticed Gastronok
  3555 | D        | Killed Gastronok
  3556 | D        | Reached skill level 15 in Fighting
  3556 | D        | Reached XP level 12. HP: 92/119 MP: 17/17
  3617 | D        | Got the +4 scimitar of Cerpheg {vorpal, rF+ Dex+2}
  3687 | D        | Noticed a centaur warrior
  3687 | D        | Noticed a seven-headed hydra
  3691 | D        | Noticed a seven-headed hydra
  3694 | D        | Reached skill level 15 in Armour
  3702 | D        | Reached skill level 15 in Shields
  3709 | D        | Killed a centaur warrior
  3709 | D        | Reached ****** piety under Okawaru
  3710 | D        | Reached skill level 10 in Evocations
  3713 | D        | Killed a six-headed hydra
  3713 | D        | Received a gift from Okawaru
  3717 | D        | Noticed a great orb of eyes
  3728 | D        | Killed a four-headed hydra
  3736 | D        | Killed a great orb of eyes
  3736 | D        | Noticed a fire dragon
  3738 | D        | Noticed an ice dragon
  3741 | D        | Noticed a frost giant
  3746 | D        | Noticed a stone giant
  3754 | D        | Killed a fire dragon
  3755 | D        | Noticed a tengu warrior
  3759 | D        | Killed an ice dragon
  3778 | D        | Killed a frost giant
  3784 | D        | Killed a stone giant
  3793 | D        | Killed a tengu warrior
  4365 | D        | Noticed Nessos
  4366 | D        | Noticed Aizul
  4372 | D        | Killed Nessos
  4384 | D        | Killed Aizul
  4385 | D        | Reached skill level 15 in Dodging
  4425 | D        | Noticed an emperor scorpion
  4425 | D        | Noticed a spark wasp
  4425 | D        | Noticed an entropy weaver
  4427 | D        | Noticed an entropy weaver
  4456 | D        | Killed an emperor scorpion
  4456 | D        | Received a gift from Okawaru
  4457 | D        | Reached XP level 13. HP: 35/130 MP: 10/18
  4462 | D        | Slain by a spark wasp

Illustrated notes

Levels and vault maps discovered:
D:        linesprint [early_d, line_temple, items_1, d_10, items_2, lair_1,
          lair_end, items_3, orc_1, orc_end, items_4, d_15, swamp_1, shoals_1,
          snake_1, spider_1, d_20, vaults_1, items_5, swamp_end, shoals_end,
          snake_end, spider_end, vaults_end, d_27, items_6, zot_1, zot_end,
          crypt_end, forest_end, elf_end, slime_end, tomb_end, abyss_end,
          pan_hell_end]

Skill      XL: |  1  2  3  4  5  6  7  8  9 10 11 12 |
---------------+-------------------------------------+-----
Fighting       | 4 5 9 11 12 13 15 16 | 16.9
Armour         | 4 5 9 11 12 13 14 16 | 16.9
Dodging        | 2 3 7 8 9 10 11 13 15 | 15.4
Shields        | 4 5 9 11 12 13 14 16 | 16.9
Long Blades    | 4 5 9 10 11 13 14 | 14.1
Invocations    | 2 5 6 8 |  8.9
Evocations     | 1 4 5 7 9 11 | 11.8

Action                   |  1- 3 |  4- 6 |  7- 9 | 10-12 | 13-15 || total
-------------------------+-------+-------+-------+-------+-------++-------
Melee: Long sword        |    25 |     3 |       |       |       ||    28
       Headbutt          |     3 |     2 |    11 |    95 |     2 ||   113
       Scimitar          |       |     7 |    35 |   347 |     4 ||   393
       Demon blade       |       |       |       |    46 |       ||    46
       Unarmed           |       |       |       |     3 |       ||     3
Invok: Heroism           |       |       |     3 |     4 |       ||     7
       Finesse           |       |       |       |     1 |       ||     1
Evoke: Wand              |       |       |       |     8 |       ||     8
  Use: Potion            |     3 |     1 |     1 |     8 |       ||    13
       Scroll            |       |       |       |     1 |       ||     1
Armor: Scale mail        |     8 |     1 |       |       |       ||     9
       Ring mail         |       |     1 |    13 |    19 |       ||    33
       Skin              |       |       |       |     1 |       ||     1
       Chain mail        |       |       |       |    36 |     1 ||    37
Dodge: Dodged            |     4 |     3 |    27 |   108 |       ||   142
Block: Kite shield       |    13 |     5 |    22 |   214 |     1 ||   255
       Reflection        |       |       |       |     4 |       ||     4
       Rpst.: Scimitar   |       |       |     3 |    13 |       ||    16
       Demon blade       |       |       |       |     1 |       ||     1

Table legend: (Time is in decaauts)
 A = Elapsed time spent in this place.
 B = Non-inter-level travel time spent in this place.
 C = Inter-level travel time spent in this place.
 D = Time resting spent in this place.
 E = Time spent auto-exploring this place.
 F = Levels seen in this place.
 G = Mean time per level.
                   A        B        C        D        E       F      G
               +--------+--------+--------+--------+--------+-----+--------+
         Total |   4333 |   4333 |      0 |   3039 |      3 |   1 | 4333.0 |
       Dungeon |   4333 |   4333 |      0 |   3039 |      3 |   1 | 4333.0 |
               +--------+--------+--------+--------+--------+-----+--------+

Top non-repeatable levels by time:
       D: 4333 daAuts
